 Dungeon Crawl Stone Soup version 0.21.1-1-g345015fe64 (webtiles) character file.

60 Gedi the Skirmisher (level 3, 0/33 HPs)
             Began as a Minotaur Abyssal Knight on June 15, 2018.
             Was a Follower of Lugonu.
             Succumbed to an adder's poison
             ... on level 2 of the Dungeon.
             The game lasted 00:02:20 (1288 turns).

Gedi the Skirmisher (Minotaur Abyssal Knight)       Turns: 1288, Time: 00:02:21

Health: 0/33       AC:  6    Str: 16    XL:     3   Next: 82%
Magic:  3/3        EV: 11    Int: 10    God:    Lugonu [*.....]
Gold:   51         SH:  0    Dex:  9    Spells: 2/2 levels left

rFire    . . .     SeeInvis .   a - +1 hand axe
rCold    . . .     Gourm    .   (no shield)
rNeg     . . .     Faith    +   d - +0 ring mail
rPois    .         Spirit   .   (helmet restricted)
rElec    .         Reflect  .   (no cloak)
rCorr    .         Harm     .   i - +0 pair of gloves
MR       .....                  (no boots)
Stlth    +.........             e - amulet of faith
HPRegen  0.11/turn              (no ring)
MPRegen  0.08/turn              (no ring)

@: lethally poisoned (0 -> -13)
A: retaliatory headbutt, horns 2
a: Depart the Abyss, Renounce Religion


You were on level 2 of the Dungeon.
You worshipped Lugonu.
Lugonu was aware of your devotion.
You were not hungry.

You visited 1 branch of the dungeon, and saw 2 of its levels.
You visited the Abyss 1 time.

You collected 51 gold pieces.

Inventory:

Hand Weapons
 a - a +1 hand axe (weapon)
Armour
 d - a +0 ring mail (worn)
 i - a +0 pair of gloves (worn)
Jewellery
 e - an amulet of faith (around neck)
 m - an uncursed ring of see invisible {unknown}
Scrolls
 g - a scroll of immolation {unknown}
 h - 2 scrolls of remove curse {unknown}
 j - 2 scrolls of identify {unknown}
Potions
 b - 2 potions of curing {unknown}
 f - 2 potions of ambrosia {unknown}
 k - a potion of agility {unknown}
 l - a potion of lignification {unknown}
Comestibles
 c - 4 rations


   Skills:
 + Level 4.2 Fighting
 + Level 3.0 Axes
 + Level 3.5 Armour
 + Level 1.4 Dodging
 + Level 0.6 Stealth
 + Level 2.0 Invocations


You had 2 spell levels left.
You didn't know any spells.

Dungeon Overview and Level Annotations

Branches:
Dungeon (2/15)

Altars:


Innate Abilities, Weirdness & Mutations

You reflexively headbutt those who attack you in melee.
You have a pair of horns on your head.


Message History

You feel sick. The adder bites you.
* * * LOW HITPOINT WARNING * * *
You are more poisoned.
The adder poisons you!
The quokka bites you but does no damage.
The adder bites you but does no damage.
You barely miss the adder.
The adder is heavily wounded.
You hit the quokka.
* * * LOW HITPOINT WARNING * * *
You feel sick. The quokka bites you.
* * * LOW HITPOINT WARNING * * *
The adder bites you but does no damage. The quokka barely misses you.
The adder bites you but does no damage.
You slash the adder!
You kill the adder!
Lugonu accepts your kill.
Your Axes skill increases to level 3!
You barely miss the quokka.
You die...

....# ##+##'#### ###.#
#........# ..#†#
#....÷†..## #.#.#
#.........#
#.#†#####.......#..#
.......###+....###.#
.......##...##.#.#.#.#
...†)..##..##(#.#....#
............##.#@#
.......###....#r#$#
.............#%# ##
##...#####...## ..#.#
#.# .###.. #. . .... .
#.#


You could see a quokka.

Vanquished Creatures
  3 adders (D:2)
  An ooze (D:1)
  A dart slug (D:2)
  A leopard gecko (D:2)
  A giant cockroach (D:1)
  5 goblins
  A hobgoblin (D:1)
  2 quokkas (D:2)
  3 frilled lizards (D:1)
  3 kobolds (D:1)
  7 rats
28 creatures vanquished.

Notes
Turn   | Place    | Note
-------+----------+-------------------------------------------
     0 | Abyss:1  | Gedi the Minotaur Abyssal Knight began the quest for the Orb.
     0 | Abyss:1  | Reached XP level 1. HP: 19/19 MP: 1/1
    43 | Abyss:1  | Noticed a spatial maelstrom
    44 | Abyss:1  | Noticed a spatial vortex
    44 | Abyss:1  | Noticed a spatial vortex
    44 | D:1      | Escaped the Abyss
   147 | D:1      | Reached XP level 2. HP: 12/27 MP: 2/2
   413 | D:1      | Reached skill level 4 in Fighting
   636 | D:1      | Reached * piety under Lugonu
  1122 | D:2      | Reached XP level 3. HP: 33/33 MP: 3/3
  1287 | D:2      | HP: 1/33 [quokka (1)]
  1288 | D:2      | Succumbed to an adder's poison

Skill      XL: |  1  2  3 |
---------------+----------+-----
Fighting       | 4 |  4.2
Armour         | 3 |  3.5
Invocations    | 2 |  2.0
Axes           | 3 |  3.0
Dodging        | |  1.4
Stealth        | |  0.6

Action                   || total
-------------------------++-------
Melee: Hand axe          ||    52
       Headbutt          ||     7
Invok: Depart the Abyss  ||     1
  Eat: Chunk             ||     1
Armor: Ring mail         ||    56
Dodge: Dodged            ||    63
